 Dungeon Crawl Stone Soup version 0.24-a0-518-g9d8d8d5b78 (webtiles) character file.

Game seed: 10957708623224823551

40 brkfrs the Poker (level 3, 0/28 HPs)
             Began as a Merfolk Skald on July 23, 2019.
             Succumbed to an adder's poison
             ... on level 2 of the Dungeon.
             The game lasted 00:02:10 (737 turns).

brkfrs the Poker (Merfolk Skald)                     Turns: 737, Time: 00:02:10

Health: 0/28       AC:  3    Str: 12    XL:     3   Next: 50%
Magic:  6/6        EV: 12    Int: 12    God:
Gold:   57         SH:  0    Dex: 13    Spells: 1/7 levels left

rFire    . . .     SeeInvis .   a - +0 spear
rCold    . . .     Gourm    .   (no shield)
rNeg     . . .     Faith    .   b - +0 leather armour
rPois    .         Spirit   .   (no helmet)
rElec    .         Reflect  .   (no cloak)
rCorr    .         Harm     .   (no gloves)
MR       .....                  (no boots)
Stlth    +.........             (no amulet)
HPRegen  0.09/turn              (no ring)
MPRegen  0.10/turn              (no ring)

@: lethally poisoned (0 -> -3)
A: change form in water, swift swim, stealthy swim
a: no special abilities


You were on level 2 of the Dungeon.
You were not hungry.

You visited 1 branch of the dungeon, and saw 2 of its levels.

You collected 57 gold pieces.

Inventory:

Hand Weapons
 a - a +0 spear (weapon)
Armour
 b - a +0 leather armour (worn)
Jewellery
 c - an uncursed amulet of rage {unknown}
 i - an uncursed ring of flight {unknown}
Scrolls
 g - a scroll of identify {unknown}
 h - a scroll of remove curse {unknown}
 j - a scroll of immolation {unknown}
Potions
 f - a potion of curing {unknown}
 k - a potion of resistance {unknown}
Comestibles
 d - 2 rations


   Skills:
 + Level 2.5 Fighting
 * Level 3.9 Polearms
 - Level 0.6 Armour
 + Level 3.0 Dodging
 * Level 2.6 Spellcasting
 + Level 3.4 Charms


You had one spell level left.
You knew the following spells:

 Your Spells              Type           Power        Failure   Level  Hunger
a - Infusion              Chrm           #...         8%          1    #......
b - Song of Slaying       Chrm           #.......     12%         2    ###....
c - Regeneration          Chrm/Necr      #.........   43%         3    ###....

Your spell library contained the following spells:

 Spells                   Type           Power        Failure   Level  Hunger
 Shroud of Golubria       Chrm/Tloc      #.....       24%         2    ###....
 Spectral Weapon          Hex/Chrm       #.......     43%         3    ###....


Dungeon Overview and Level Annotations

Branches:
Dungeon (2/15)

Altars:

Annotations:
D:2 Robin


Message History

Robin is almost dead.
* * * LOW HITPOINT WARNING * * *
You feel sick. Robin barely misses you.
You hit Robin but do no damage.
Robin is almost dead.
Robin hits you but does no damage.
You hit Robin but do no damage.
Robin is almost dead.
* * * LOW HITPOINT WARNING * * *
You feel sick. Robin hits you with a +0 dagger.
* * * LOW HITPOINT WARNING * * *
You hit Robin.
Robin is almost dead.
Robin hits you but does no damage.
You barely miss Robin.
Robin is almost dead.
Robin closely misses you.
You hit Robin but do no damage.
Robin is almost dead.
You die...

########### ####.........#
.....#######>#############
#..##..............g...#
#....).†.........).#.#.####
##(##)########g###...gg....
#.# #@# ###.#..... ##.####
#)# .# .## #.....# #.# .#
#.....### #.# .#
#...†...###.# .#
#.......<...# g.
#......#......... .g
#.################ #.


You could see Robin.

Vanquished Creatures
  An adder (D:2)
  A worm (D:2)
  A dart slug (D:1)
  10 goblins (D:2)
  7 hobgoblins
  A frilled lizard (D:1)
  2 rats
23 creatures vanquished.

Notes
Turn   | Place    | Note
-------+----------+-------------------------------------------
     0 | D:1      | brkfrs the Merfolk Skald began the quest for the Orb.
     0 | D:1      | Reached XP level 1. HP: 16/16 MP: 3/3
   383 | D:1      | Reached XP level 2. HP: 15/22 MP: 5/5
   667 | D:2      | Reached XP level 3. HP: 21/28 MP: 2/6
   671 | D:2      | Learned a level 2 spell: Song of Slaying
   675 | D:2      | Learned a level 3 spell: Regeneration
   697 | D:2      | Noticed Robin
   734 | D:2      | HP: 1/28 [Robin/+0 dagger (1)]
   737 | D:2      | Succumbed to an adder's poison

Levels and vault maps discovered:
D:1:      lemuel_arrival_lava_pool, layout_basic
D:2:      layout_loops_ring, hangedman_glass_teeth, tgw_fedhas, uniq_sigmund,
          uniq_robin

Skill      XL: |  1  2  3 |
---------------+----------+-----
Dodging        | 3 |  3.0
Fighting       | |  2.5
Polearms       | |  3.9
Armour         | |  0.6
Spellcasting   | |  2.6
Charms         | |  3.4

Action                   || total
-------------------------++-------
Melee: Spear             ||    90
 Cast: Infusion          ||     1
       Song of Slaying   ||     1
  Use: Potion            ||     1
 Stab: Sleeping          ||     1
Armor: Leather armour    ||    10
Dodge: Dodged            ||    36

Table legend:
 A = Non-vault XP
 B = Vault XP
 C = Vault XP percentage of total XP
 D = Non-vault monster count
 E = Vault monster count
 F = Vault count percentage of total count
                 A         B        C        D         E       F
            +---------+---------+-------+---------+---------+-------
      Total |      38 |      20 |  34.5 |      12 |      11 |  47.8
            +---------+---------+-------+---------+---------+-------
        D:1 |      14 |       0 |   0.0 |       7 |       0 |   0.0
        D:2 |      24 |      20 |  45.5 |       5 |      11 |  68.8
            +---------+---------+-------+---------+---------+-------
